 Dungeon Crawl Stone Soup version 0.32-a0-913-g739538afd8 (webtiles) character file.

Game seed: 4025743615270462853

37746 spaghetti the Black Belt (level 13, -1/163 HPs)
             Began as a Naga Chaos Knight on Apr 7, 2024.
             Was a Plaything of Xom.
             Killed by an exploding orc sorcerer (22 damage)
             ... ignited by their inner flame
             ... on level 2 of the Orcish Mines.
             The game lasted 00:28:37 (19101 turns).

spaghetti the Black Belt (Naga Chaos Knight)       Turns: 19101, Time: 00:28:38

Health: -1/163     AC:  9    Str: 26    XL:     13   Next: 98%
Magic:  14/14      EV: 16    Int: 13    God:    Xom [....*.]
Gold:   1604       SH:  0    Dex: 15    Spells: 5/12 levels left

rFire   . .          .
                       - Unarmed
rCold   . . .        (shield currently unavailable)
rNeg    . . .        I - melded +0 troll leather armour
rPois   +            (helmet unavailable)
rElec   .            e - melded scarf {harm}
rCorr   .            i - melded +1 pair of gloves
SInv    +            (no barding)
Will    +++..        (no amulet)
Stlth   +            z - +6 ring of strength
HPRegen 0.47/turn    B - +5 ring of evasion
MPRegen 0.14/turn

%: no passive effects
@: snake-form
A: constrict, boosted hp, AC +4, large, see invisible, (deformed body), (poison
resistance), (slowness 2), spit poison 1, (naga tail 2), (horns 3), (iridescent
scales 3), (large bone plates 1), (cold resistance 1), (fire resistance 1), high
MP 1, strong-willed 2, sense surroundings 2, robust 2, (electricity resistance),
wild magic 2, evolution 1, MP-powered wands
a: Spit Poison, Begin Untransformation, Renounce Religion


You were on level 2 of the Orcish Mines.
You worshipped Xom.
You were a beloved toy of Xom.
You were an enormous serpent.
You visited 3 branches of the dungeon, and saw 18 of its levels.

You collected 1604 gold pieces.

Inventory:

Missiles
 c - 6 throwing nets
 f - 4 javelins
 h - 3 curare-tipped darts
Armour
 a - a +2 leather armour
 e - a scarf of harm (melded)
 g - +0 steam dragon scales
 i - a +1 pair of gloves (melded)
 n - a +0 cloak
 I - a +0 troll leather armour (melded)
Jewellery
 z - a +6 ring of strength (left hand)
 B - a +5 ring of evasion (right hand)
 D - a ring of fire
 G - an amulet of faith
 H - a ring of wizardry
Talismans
 b - a maw talisman
 t - a beast talisman
 A - a storm talisman
 K - a serpent talisman (active)
Wands
 E - a wand of iceblast (32)
 L - a wand of paralysis (5)
Scrolls
 d - 4 scrolls of immolation
 k - 4 scrolls of amnesia
 q - 7 scrolls of identify
 v - 3 scrolls of poison
 x - 2 scrolls of enchant armour
 y - 4 scrolls of enchant weapon
 C - a scroll of fog
 J - 2 scrolls of brand weapon
Potions
 j - 3 potions of curing
 l - 3 potions of resistance
 o - 2 potions of cancellation
 p - 3 potions of enlightenment
 r - 3 potions of brilliance
 u - a potion of lignification
 w - a potion of mutation


   Skills:
 + Level 6.7 Fighting
 - Level 1.5 Armour
 + Level 6.5 Dodging
 + Level 17.2 Unarmed Combat
 - Level 3.7 Summonings
 - Level 3.6 Translocations
 + Level 11.1 Shapeshifting


You had 5 spell levels left.
You knew the following spells:

 Your Spells              Type           Power      Damage    Failure   Level
a - Blink                 Tloc           30%        N/A       22%         2
b - Call Imp              Summ           30%        N/A       22%         2
c - Summon Ice Beast      Ice/Summ       7%         N/A       58%         3

Your spell library contained the following spells:

 Spells                   Type           Power      Damage    Failure   Level
 Magic Dart               Conj           0%         1d3       47%         1
 Cigotuvi's Dreadful Rot  Necr/Alch/Air  0%         N/A       61%         2
 Dazzling Flash           Conj/Hex       0%         N/A       82%         3
 Mephitic Cloud           Conj/Alch/Air  0%         N/A       82%         3
 Martyr's Knell           Necr/Summ      7%         N/A       91%         4
 Dispel Undead            Necr           0%         3d6       99%         4
 Leda's Liquefaction      Alch/Erth      0%         N/A       99%         4
 Petrify                  Alch/Erth      0%         N/A       99%         4
 Summon Mana Viper        Hex/Summ       7%         N/A       99%         5
 Curse of Agony           Necr           0%         N/A       100%        5
 Metabolic Englaciation   Hex/Ice        0%         N/A       100%        5
 Silence                  Hex/Air        0%         N/A       100%        5
 Monstrous Menagerie      Summ           7%         N/A       100%        7


Dungeon Overview and Level Annotations

Branches:
Dungeon (11/15)            Temple (0/1) D:5            Lair (5/5) D:8
 Shoals (0/4) Lair:3        Snake (0/4) Lair:3        Slime (0/5) Lair:5
    Orc (2/2) D:10            Elf (0/3) Orc:2

Altars:
Dithmenos
Okawaru
Qazlal
Sif Muna
Trog
Vehumet
Xom
Beogh

Shops:
D:3 (   Orc:2 (

Annotations:
Lair:5 exclusion: 2 scrub nettles
Orc:2 Saint Roka


Innate Abilities, Weirdness & Mutations

You are an enormous serpent.
You have a powerful constriction melee attack.
Your maximum health is increased.
Your armour is entirely melded.
You are incapable of wielding weapons or throwing items.
((Your serpentine skin is tough. (AC +4)))
You have supernaturally acute eyesight. (SInv)
((Armour fits poorly on your strangely shaped body.))
((Your system is resistant to poisons. (rPois)))
((You cover ground very slowly.))
You can spit poison.
((You can use your snake-like lower body to constrict enemies.))
((You have a pair of large horns on your head.))
((You are completely covered in iridescent scales. (AC +6)))
((You are partially covered in large bone plates. (SH +4)))
((Your flesh is cold resistant. (rC+)))
((Your flesh is heat resistant. (rF+)))
You have an increased reservoir of magic. (+10% MP)
You are highly strong-willed. (Will++)
You passively map the area around you.
You are very robust. (+20% HP)
((You are resistant to electric shocks. (rElec)))
Your spells are harder to cast, but more powerful.
You have hidden genetic potential.
You expend magic power (3 MP) to strengthen your wands.


Message History

The creatures around you are filled with an inner flame!
The orc priest misses you.
Your +2 dagger of venom hits the orc priest!
The orc priest explodes!
The fiery explosion engulfs the orc sorcerer!!
Flame seeps out of the orc sorcerer.
The orc sorcerer is almost dead.
The fiery explosion engulfs the orc warrior!!
Flame seeps out of the orc warrior.
The orc warrior is almost dead.
The fiery explosion engulfs the chaos spawn!!
Flame seeps out of the chaos spawn.
The chaos spawn is severely wounded.
The fiery explosion engulfs the orc priest!! x2
The fiery explosion engulfs the orc!!!
The fiery explosion engulfs your +2 dagger of venom.
Your +2 dagger of venom resists.
Your +2 dagger of venom is moderately damaged.
The orc explodes!
The fiery explosion engulfs the orc high priest!!!
The orange demon disappears in a puff of smoke!
The fiery explosion engulfs the chaos spawn!
The chaos spawn degenerates into a cloud of primal chaos!
The chaos spawn explodes!
The fiery explosion engulfs the +2 dagger of venom!
The +2 dagger of venom resists.
The +2 dagger of venom is heavily damaged.
The fiery explosion engulfs the orc priest!!!
The orc priest explodes!
The fiery explosion engulfs the +2 dagger of venom.
The +2 dagger of venom resists.
The +2 dagger of venom is severely damaged.
The orc high priest explodes!
The fiery explosion engulfs the orc sorcerer!!
The fiery explosion engulfs you!!
* * * LOW HITPOINT WARNING * * *
The orc sorcerer explodes!
The fiery explosion engulfs you!!
You die...
Xom is highly amused!

* ,* , , , , * #......#...#, ,,
#.#.## #.....#....# *+
.....#..####..........# * , * *
....................#.# ß*, * #
.....#................#,∩ * *.#
................K.....######+##.#
..#.......#......§§.............#
...............§S§§§....).....###
..............)§○§§§.......#.###.
..[...........)§o§○§§.........#..
.).....<........§§(§§............
...............[..§§#.)...[......
#............#......o.[.)....)...
....#)..........[...o.#.......)..
..<.......................ß.ß[#..
...........[........^............


You could see Saint Roka (inner flame), a kobold blastminer (inner flame), an
orc warrior (inner flame, strong), a +2 dagger of venom and an orc (inner flame,
strong).

Vanquished Creatures
  Snorg (Lair:4)
  Harold (Lair:1)
  4 hydras
  A two-headed ogre (D:9)
  2 orc high priests (Orc:2)
  Sonja (Orc:2)
  2 orc knights (Orc:1)
  An orc sorcerer (Orc:2)
  A cyclops (Orc:1)
  An oklob plant (Lair:4)
  Maurice (D:10)
  2 black mambas (Lair:1)
  10 cane toads
  An unseen horror (D:11)
  Psyche (D:8)
  A rime drake (Lair:1)
  3 komodo dragons
  5 trolls
  3 hornets
  A tarantella (shapeshifter) (Orc:1)
  2 polar bears (Lair:1)
  15 blink frogs
  3 slime creatures
  A human (D:10)
  8 wyverns
  32 yaks
  6 basilisks
  2 steam dragons
  2 vampire mosquitoes (D:11)
  5 wargs
  Menkaure (D:6)
  An acid dragon (D:9)
  13 water moccasins
  Duvessa (D:6)
  3 black bears
  19 orc warriors
  7 ogres
  8 wolves
  7 centaurs
  2 lemures (D:4)
  4 phantoms
  4 kobold brigands
  10 bullfrogs
  A gnoll sergeant (D:10)
  8 scorpions
  6 wights (D:8)
  10 killer bees
  3 electric eels
  A howler monkey (D:9)
  A bombardier beetle (D:5)
  3 jellies
  15 orc priests
  4 hounds
  A gnoll bouda (D:5)
  Jessica (D:3)
  2 iguanas
  3 sleepcaps
  6 hell rats (Lair:3)
  20 orc wizards
  A nameless horror (Orc:1)
  6 gnolls
  8 adders
  4 white imps
  An ufetubus (D:5)
  2 ribbon worms
  5 dart slugs
  54 orcs
  17 bats
  7 endoplasms
  15 giant cockroaches
  7 hobgoblins
  4 quokkas
  7 ball pythons
  5 frilled lizards
  7 goblins
  12 kobolds
  9 rats
455 creatures vanquished.

Vanquished Creatures (collateral kills)
  Pikel (D:4)
  5 yaks
  A basilisk (Lair:1)
  A steam dragon (D:10)
  Grum (D:9)
  2 orc warriors
  2 black bears
  An ogre (Orc:2)
  A lemure (D:4)
  3 wights (D:8)
  A killer bee (D:7)
  Crazy Yiuf (D:4)
  4 orc priests
  2 orc wizards
  3 gnolls (D:10)
  14 orcs
  3 kobolds
46 creatures vanquished.

Vanquished Creatures (others)
  A wolf (D:9)
  Dowan (D:6)
  An orc priest (Orc:1)
  A gnoll (D:10)
4 creatures vanquished.

Grand Total: 505 creatures vanquished

Notes
Turn   | Place    | Note
-------+----------+-------------------------------------------
     0 | D:1      | spaghetti the Naga Chaos Knight began the quest for the
                  | Orb.
     0 | D:1      | Reached XP level 1. HP: 21/21 MP: 1/1
    46 | D:1      | Reached XP level 2. HP: 10/28 MP: 2/2
   398 | D:1      | Reached skill level 4 in Unarmed Combat
   462 | D:1      | Reached XP level 3. HP: 31/34 MP: 3/3
   852 | D:1      | XOM: divination: detect creatures
   973 | D:2      | XOM: divination: magic mapping
  1093 | D:2      | Found a shadowy altar of Dithmenos.
  1115 | D:2      | Reached skill level 1 in Dodging
  1216 | D:2      | XOM is BORED!
  1216 | D:2      | XOM: give mutations
  1216 | D:2      | Gained mutation: Your mind is acute. (Int +4, Str/Dex -1)
                  | [Xom's mischief]
  1216 | D:2      | Gained mutation: You have a pair of small horns on your
                  | head. [Xom's mischief]
  1216 | D:2      | Gained mutation: Your body sometimes deteriorates upon
                  | taking damage. [Xom's mischief]
  1418 | D:2      | Reached XP level 4. HP: 27/42 MP: 4/4
  1631 | D:3      | Noticed Jessica
  1635 | D:3      | Killed Jessica
  1673 | D:3      | Identified the +2 long sword of Armageddon {venom, rN+
                  | Str-3 Int+3 Stlth+}
  1704 | D:3      | Found Xousatal's Antique Weapon Shoppe.
  1787 | D:3      | Reached XP level 5. HP: 47/49 MP: 5/5
  1839 | D:3      | XOM: summons 3 hostile demons
  1989 | D:3      | Found a stormy altar of Qazlal.
  1990 | D:3      | Noticed a water elemental
  1991 | D:3      | Noticed an air elemental
  1991 | D:3      | Noticed a fire elemental
  2246 | D:3      | XOM: give mutations
  2246 | D:3      | Gained mutation: Your spells are a little harder to cast,
                  | but a little more powerful. [Xom's mischief]
  2246 | D:3      | Gained mutation: You are clumsy. (Dex -2) [Xom's mischief]
  2367 | D:3      | XOM: give mutations
  2367 | D:3      | Gained mutation: Your spells are harder to cast, but more
                  | powerful. [Xom's mischief]
  2367 | D:3      | Lost mutation: Your mind is acute. (Int +4, Str/Dex -1)
                  | [Xom's mischief]
  2367 | D:3      | Lost mutation: You are clumsy. (Dex -2) [Xom's mischief]
  2637 | D:3      | XOM: summons 3 hostile demons
  2663 | D:3      | HP: 1/50 [ufetubus[Xom] (4)]
  2967 | D:4      | XOM: 1-stop teleportation journey
  2978 | D:4      | XOM: smoke on damage
  2980 | D:4      | Reached skill level 5 in Unarmed Combat
  3023 | D:4      | XOM: scenery: 1 doors open, 2 doors close
  3234 | D:4      | Learned a level 2 spell: Blink
  3237 | D:4      | Learned a level 2 spell: Call Imp
  3422 | D:4      | Reached XP level 6. HP: 45/57 MP: 6/6
  3493 | D:4      | Noticed Pikel
  3508 | D:4      | Killed Pikel
  3509 | D:4      | Reached XP level 7. HP: 47/66 MP: 7/7
  3562 | D:4      | XOM: give mutations
  3562 | D:4      | Gained mutation: You are robust. (+10% HP) [Xom's grace]
  3562 | D:4      | Gained mutation: You possess an exceptional clarity of
                  | mind. [Xom's grace]
  3562 | D:4      | Gained mutation: You are somewhat resistant to further
                  | mutation. [Xom's grace]
  3562 | D:4      | Gained mutation: You are partially covered in iridescent
                  | scales. (AC +2) [Xom's grace]
  3618 | D:4      | Found a runed translucent door.
  3619 | D:4      | Noticed Crazy Yiuf
  3679 | D:4      | XOM: scenery: summon butterflies
  3978 | D:4      | XOM: scenery: 2 doors open
  4214 | D:4      | Killed Crazy Yiuf
  4330 | D:5      | XOM: stealth player
  4330 | D:5      | Entered Level 5 of the Dungeon
  4340 | D:5      | Reached skill level 5 in Fighting
  4340 | D:5      | Reached XP level 8. HP: 79/81 MP: 8/8
  4351 | D:5      | Found a staircase to the Ecumenical Temple.
  4424 | D:5      | XOM: divination: detect items
  4473 | D:5      | XOM: polymorph scorpion -> gnoll
  4482 | D:5      | Reached skill level 6 in Unarmed Combat
  4615 | D:5      | XOM is BORED!
  4615 | D:5      | XOM: draining
  4694 | D:5      | XOM: give mutation
  4694 | D:5      | Gained mutation: You can exhale a cloud of poison. [Xom's
                  | grace]
  4755 | D:5      | XOM: 3-stop teleportation journey
  4779 | D:5      | XOM: cast spell 'Iskenderun's Battlesphere'
  4782 | D:5      | Found a shimmering altar of Xom.
  5045 | D:5      | Found a shimmering blue altar of Sif Muna.
  5072 | D:5      | Found an iron altar of Okawaru.
  5138 | D:5      | Reached skill level 1 in Shapeshifting
  5190 | D:5      | XOM: give mutations
  5190 | D:5      | Gained mutation: You are somewhat resistant to both further
                  | mutation and mutation removal. [Xom's grace]
  5190 | D:5      | Gained mutation: You are strong-willed. (Will+) [Xom's
                  | grace]
  5190 | D:5      | Gained mutation: You are mostly covered in iridescent
                  | scales. (AC +4) [Xom's grace]
  5190 | D:5      | Gained mutation: Your spells are much harder to cast, but
                  | much more powerful. [Xom's grace]
  5337 | D:5      | XOM: scenery: 1 doors close
  5396 | D:5      | Found a bloodstained altar of Trog.
  5606 | D:6      | Reached XP level 9. HP: 90/90 MP: 9/9
  5625 | D:6      | XOM: summons 9 friendly demons
  5840 | D:6      | XOM: give mutations
  5840 | D:6      | Gained mutation: You are almost entirely resistant to
                  | further mutation and mutation removal. [Xom's grace]
  5840 | D:6      | Gained mutation: You passively map a small area around you.
                  | [Xom's grace]
  5840 | D:6      | Gained mutation: You expend magic power (3 MP) to
                  | strengthen your wands. [Xom's grace]
  5840 | D:6      | Gained mutation: Your flesh is cold resistant. (rC+) [Xom's
                  | grace]
  5907 | D:6      | Noticed Dowan
  5910 | D:6      | Noticed Duvessa
  5911 | D:6      | XOM: enchant monster (good)
  5913 | D:6      | XOM: confuse monster(s)
  5916 | D:6      | Your ally Dowan died
  5917 | D:6      | XOM: scenery: create altars
  5917 | D:6      | Noticed Menkaure
  5921 | D:6      | XOM: snakes to sticks
  5926 | D:6      | Reached skill level 5 in Shapeshifting
  5926 | D:6      | XOM: 2-stop teleportation journey
  5939 | D:6      | Killed Menkaure
  6080 | D:6      | XOM: scenery: create altars
  6085 | D:6      | Killed Duvessa
  6124 | D:6      | XOM: 2-stop teleportation journey
  6132 | D:6      | XOM: give mutations
  6132 | D:6      | Gained mutation: You are covered in fur. (AC +1) [Xom's
                  | grace]
  6132 | D:6      | Gained mutation: You are partially covered in large bone
                  | plates. (SH +4) [Xom's grace]
  6132 | D:6      | Gained mutation: Your flesh is heat resistant. (rF+) [Xom's
                  | grace]
  6315 | D:6      | XOM: god gift: 28 gold pieces
  6518 | D:6      | XOM: cloud trail
  6656 | D:6      | XOM: divination: magic mapping
  6725 | D:7      | XOM: summons 4 friendly demons
  6863 | D:7      | Reached skill level 7 in Unarmed Combat
  7392 | D:7      | Reached XP level 10. HP: 97/100 MP: 10/10
  7397 | D:7      | Reached skill level 8 in Unarmed Combat
  7632 | D:8      | Noticed Psyche
  7779 | D:7      | XOM: god gift: scroll labelled LOXZOORUCO {god gift}
  7874 | D:8      | Reached skill level 9 in Unarmed Combat
  7905 | D:8      | XOM: noise
  7913 | D:8      | XOM: cast spell 'Olgreb's Toxic Radiance'
  8041 | D:8      | XOM: enchant monster (bad)
  8059 | D:8      | Reached skill level 10 in Unarmed Combat
  8067 | D:8      | Killed Psyche
  8123 | D:8      | XOM: silly message
  8238 | D:8      | XOM: 1-stop teleportation journey
  8479 | D:8      | Found a staircase to the Lair.
  8550 | D:8      | XOM: swap monsters
  8570 | D:8      | XOM: summons friendly crimson imp
  8627 | D:8      | XOM: summons 1 hostile demon
  8842 | D:9      | Reached skill level 11 in Unarmed Combat
  8967 | D:9      | You fall into a shaft and drop 2 floors!
  9004 | D:11     | Noticed an unseen horror
  9012 | D:11     | Killed an unseen horror
  9201 | D:10     | Entered Level 10 of the Dungeon
  9231 | D:10     | Reached XP level 11. HP: 91/106 MP: 11/11
  9281 | D:10     | Reached skill level 12 in Unarmed Combat
  9289 | D:10     | Noticed Maurice
  9297 | D:10     | Maurice stole 6 curare-tipped darts
  9299 | D:10     | Maurice stole a beast talisman
  9303 | D:10     | Maurice stole 461 gold
  9304 | D:10     | Killed Maurice
  9429 | D:10     | Found a staircase to the Orcish Mines.
  9632 | D:10     | XOM: smoke on damage
  9632 | D:10     | XOM: torment (54/106 hp)
  9640 | D:10     | Reached skill level 13 in Unarmed Combat
  9696 | D:10     | XOM: god gift: 56 gold pieces
 10158 | D:10     | XOM: scenery: create altars
 10450 | D:9      | XOM: blink monster(s)
 10452 | D:9      | XOM: enchant monster (bad)
 10481 | D:9      | Found a radiant altar of Vehumet.
 10573 | D:9      | Noticed a two-headed ogre
 10577 | D:9      | XOM: divination: detect items
 10579 | D:9      | XOM: smoke on damage
 10580 | D:9      | Killed a two-headed ogre
 10583 | D:9      | XOM: cloud trail
 10707 | D:9      | XOM: god gift: 3 stones
 10990 | D:9      | Identified the +2 whip of Annoyance {flame, rN+ Dex+3}
 11054 | D:9      | Noticed Grum
 11060 | D:9      | Reached skill level 14 in Unarmed Combat
 11068 | D:9      | Killed Grum
 11100 | D:9      | XOM: 1-stop teleportation journey
 11321 | D:9      | XOM: noise
 11471 | D:9      | XOM: silly message
 11486 | Lair:1   | Entered Level 1 of the Lair of Beasts
 11707 | Orc:1    | Entered Level 1 of the Orcish Mines
 11766 | Orc:1    | XOM: enchant monster (bad)
 11845 | Orc:2    | Entered Level 2 of the Orcish Mines
 11848 | Orc:2    | XOM: polymorph orc warrior -> ball python
 11882 | Orc:2    | Noticed Sonja
 11886 | Orc:2    | Killed Sonja
 11887 | Orc:2    | Reached skill level 15 in Unarmed Combat
 11887 | Orc:2    | Reached XP level 12. HP: 54/114 MP: 12/12
 11961 | Orc:1    | XOM: give mutation
 11961 | Orc:1    | Lost mutation: You are almost entirely resistant to further
                  | mutation and mutation removal. [Xom's mischief]
 11995 | Orc:2    | XOM: 1-stop teleportation journey
 12003 | Orc:1    | XOM: chaos cloud
 12017 | Orc:1    | XOM: give mutations
 12017 | Orc:1    | Lost mutation: You can exhale a cloud of poison. [Xom's
                  | mischief]
 12017 | Orc:1    | Lost mutation: Your body sometimes deteriorates upon taking
                  | damage. [Xom's mischief]
 12025 | Orc:1    | XOM: enchant monster (bad)
 12033 | Orc:1    | XOM: noise
 12037 | Orc:1    | XOM: polymorph kobold blastminer -> glowing shapeshifter
 12039 | Orc:1    | XOM: summons 2 friendly demons
 12047 | Orc:1    | Found a roughly hewn altar of Beogh.
 12050 | Orc:1    | HP: 4/114 [orange demon[Xom] (11)]
 12295 | Orc:1    | XOM: chaos upgrade
 12303 | Orc:1    | Reached skill level 16 in Unarmed Combat
 12650 | Orc:1    | XOM: scenery: summon butterflies
 12660 | Orc:2    | Found Nanuut's Antique Weapon Shoppe.
 12664 | Orc:2    | Found a staircase to the Elven Halls.
 12763 | Orc:2    | XOM: give mutation
 12763 | Orc:2    | Lost mutation: You are somewhat resistant to both further
                  | mutation and mutation removal. [Xom's grace]
 12763 | Orc:2    | Lost mutation: You are somewhat resistant to further
                  | mutation. [Xom's grace]
 12763 | Orc:2    | Gained mutation: You have hidden genetic potential. [Xom's
                  | grace]
 12805 | Orc:2    | XOM: scenery: 1 doors close
 12844 | Orc:2    | Noticed an orc high priest
 12848 | Orc:2    | Noticed a sun demon
 12848 | Orc:2    | XOM: divination: detect items
 12850 | Orc:2    | Noticed a soul eater
 13129 | Lair:1   | XOM: 2-stop teleportation journey
 13163 | Lair:1   | XOM: god gift: 44 gold pieces
 13483 | Lair:1   | XOM: divination: detect creatures
 13631 | Lair:1   | Noticed Harold
 13642 | Lair:1   | XOM: butterfly on damage
 13644 | Lair:1   | Killed Harold
 13843 | Lair:1   | XOM: god gift: storm talisman
 14025 | Lair:1   | XOM: stat loss: -1 Dex (14/15)
 14192 | Lair:1   | XOM: confuse monster(s)
 14671 | Lair:2   | Identified the +1 leather armour of Precision Catastrophes
                  | {rC+ rN+ Slay-6 Stlth+}
 14941 | Lair:2   | XOM: draining
 15094 | Lair:2   | Identified the +5 dagger "Wummed Ilo" {holy, Int+3 SInv}
 15219 | Lair:2   | XOM: scenery: create altars
 15220 | Lair:2   | Learned a level 3 spell: Summon Ice Beast
 15262 | Lair:3   | XOM: enchant monster (bad)
 15324 | Lair:3   | Gained mutation: You can use your snake-like lower body to
                  | constrict enemies. [Naga growth]
 15324 | Lair:3   | Reached XP level 13. HP: 101/114 MP: 13/13
 15364 | Lair:3   | Reached skill level 10 in Shapeshifting
 15383 | Lair:3   | XOM: enchant monster (good)
 15390 | Lair:3   | XOM: fog
 15410 | Lair:3   | Reached skill level 5 in Dodging
 15422 | Lair:3   | Gained mutation: You have a pair of horns on your head.
                  | [hidden potential]
 15451 | Lair:3   | XOM: summons 3 hostile demons
 15593 | Lair:3   | Found a staircase to the Shoals.
 15615 | Lair:3   | XOM: divination: detect items
 15675 | Lair:3   | Found a staircase to the Snake Pit.
 15756 | Lair:3   | XOM: scenery: create altars
 15910 | Lair:3   | XOM: give mutations
 15910 | Lair:3   | Gained mutation: You are resistant to electric shocks.
                  | (rElec) [Xom's grace]
 15910 | Lair:3   | Gained mutation: You have a pair of large horns on your
                  | head. [Xom's grace]
 15910 | Lair:3   | Gained mutation: You passively map the area around you.
                  | [Xom's grace]
 16023 | Lair:4   | You fall into a shaft and drop 1 floor!
 16023 | Lair:5   | Entered Level 5 of the Lair of Beasts
 16084 | Lair:4   | Noticed Snorg
 16094 | Lair:4   | Killed Snorg
 16204 | Lair:4   | XOM: give mutations
 16204 | Lair:4   | Gained mutation: You are highly strong-willed. (Will++)
                  | [Xom's grace]
 16204 | Lair:4   | Gained mutation: You are very robust. (+20% HP) [Xom's
                  | grace]
 16204 | Lair:4   | Gained mutation: You have an increased reservoir of magic.
                  | (+10% MP) [Xom's grace]
 16226 | Lair:4   | XOM: give mutation
 16226 | Lair:4   | Gained mutation: You are completely covered in iridescent
                  | scales. (AC +6) [Xom's grace]
 16533 | Lair:4   | Reached skill level 17 in Unarmed Combat
 16533 | Lair:4   | XOM: polymorph wolf -> dart slug
 16587 | Lair:4   | XOM: god gift: 3 stones
 16870 | Lair:4   | XOM: silly message
 17042 | Lair:4   | XOM: torment (72/159 hp)
 17087 | Lair:4   | XOM: summons 1 hostile demon
 17391 | Lair:4   | Found a shadowy altar of Dithmenos.
 17570 | Lair:5   | XOM: give mutations
 17570 | Lair:5   | Lost mutation: You are covered in fur. (AC +1) [Xom's
                  | mischief]
 17570 | Lair:5   | Lost mutation: Your spells are much harder to cast, but
                  | much more powerful. [Xom's mischief]
 17590 | Lair:5   | XOM: polymorph death yak -> death yak
 17627 | Lair:4   | XOM: 1-stop teleportation journey
 18210 | Lair:4   | XOM: give mutation
 18210 | Lair:4   | Lost mutation: You possess an exceptional clarity of mind.
                  | [Xom's mischief]
 18693 | Orc:2    | Noticed Saint Roka
 18695 | Orc:2    | XOM: blink monster(s)
 18701 | Orc:2    | XOM: cleaving
 18871 | Orc:2    | XOM: silly message
 18947 | Orc:1    | XOM: cast spell 'Alistair's Intoxication'
 19101 | Orc:2    | Killed by an exploding orc sorcerer... ignited by their
                  | inner flame

Illustrated notes

Levels and vault maps discovered:
D:1:      dpeg_arrival_subterranean_lakeside_camping, layout_basic
D:2:      layout_loops_cross, basic_altar, serial_park_tiny_pond
D:3:      minmay_roachtagon, layout_loops_corners,
          nicolae_qazlal_style_of_elements, serial_shops, shop,
          minmay_misc_feat_roman, minmay_crystal_room, uniq_jessica
D:4:      layout_loops_corners, moated_statue, uniq_crazy_yiuf_cottage,
          uniq_pikel
D:5:      old_forge, layout_basic, mainiacjoe_overflow_two_lobes,
          general_overflow_altar, marbit_many_paths,
          minmay_temple_entry_junction_2, interstate_on_off,
          kennysheep_nondescript, hangedman_decor_diamond_cutter
D:6:      layout_rooms, minmay_liquid_box, minmay_chambers_of_fives,
          uniq_menkaure, uniq_duvessa
D:7:      layout_basic, patterned_corridor
D:8:      layout_rooms, lair_entry_dummy, minivault_14, uniq_psyche
D:9:      layout_layer_cave, fiery_altar_vehumet, amcnicky_mini_pool_medium,
          uniq_grum
D:10:     layout_basic, erik_orc_4, uniq_maurice
D:11:     layout_long_grid
Lair:1:   layout_cave_pods, pdpol_lair_cavern_descent, uniq_harold
Lair:2:   layout_concentric_octagons
Lair:3:   layout_misc_corridors, shoals_dummy_entry, dummy_snake_entry,
          chequers_serial_rivers_small_b, minivault_24, grunt_megastairs_3
Lair:4:   layout_hall_layers, lemuel_centaur_altar, infiniplex_staircase_pool,
          grunt_megastairs_5, uniq_snorg
Lair:5:   minmay_lair_end_enchanted_forest, layout_layer_cave,
          minmay_slime_entry_oklob_open, evilmike_ambush
          [evilmike_ambush_outer_corners, evilmike_ambush_inner_basic],
          grunt_megastairs_2, serial_bayou_shore_a, uniq_nessos
Orc:1:    layout_diamond_mine, basic_altar
Orc:2:    grunt_orc_community_town_hall, layout_caves,
          grunt_orc_community_big_house_2, grunt_orc_community_big_house_2,
          grunt_orc_community_house_2, grunt_orc_community_house_3,
          grunt_orc_community_house_2, grunt_orc_community_house_1,
          nicolae_volcano_entry_s_turn, serial_shops, shop, uniq_sonja

Skill      XL: |  1  2  3  4  5  6  7  8  9 10 11 12 13 |
---------------+----------------------------------------+-----
Unarmed Combat | 4 5 6 7 11 15 16 17 | 17.2
Dodging        | 1 2 3 4 6 |  6.5
Fighting       | 4 5 6 |  6.7
Summonings     | 2 3 |  3.7
Translocations | 2 3 |  3.6
Shapeshifting  | 3 7 9 11 | 11.1
Armour         | |  1.5

Action                     |  1- 3 |  4- 6 |  7- 9 | 10-12 | 13-15 || total
---------------------------+-------+-------+-------+-------+-------++-------
  Melee: Unarmed           |    64 |   194 |   256 |   422 |   231 ||  1167
         Headbutt          |     1 |    25 |    54 |   100 |    33 ||   213
         Punch             |       |     2 |     8 |    13 |    16 ||    39
         Maw               |       |       |       |    21 |    45 ||    66
         Constrict         |       |       |       |       |    61 ||    61
  Throw: Dart              |       |     3 |       |    13 |     4 ||    20
   Cast: Blink             |       |       |     1 |     1 |       ||     2
         Call Imp          |       |       |     1 |       |       ||     1
Ability: Spit Poison       |    24 |    29 |    16 |    30 |    27 ||   126
         Breathe Poison Ga |       |       |    22 |    40 |       ||    62
  Evoke: Wand              |       |       |       |    24 |     5 ||    29
    Use: Scroll            |     3 |     4 |     5 |    13 |     4 ||    29
         Potion            |       |     6 |       |     8 |     1 ||    15
   Stab: Sleeping          |       |       |     1 |       |       ||     1
         Confused          |       |       |     1 |       |       ||     1
         Invisible         |       |       |       |     3 |       ||     3
         Distracted        |       |       |       |     1 |       ||     1
 Armour: Leather armour    |    41 |   238 |   190 |   134 |       ||   603
         Troll leather arm |       |       |       |   184 |       ||   184
         Steam dragon scal |       |       |       |    56 |       ||    56
         Skin              |       |       |       |    49 |   212 ||   261
  Dodge: Dodged            |    22 |   116 |   118 |   221 |   154 ||   631
  Block: Other             |       |       |    12 |    19 |    18 ||    49
   Form: Beast             |       |       |     1 |       |       ||     1
         Maw               |       |       |       |     1 |       ||     1
         Serpent           |       |       |       |       |     1 ||     1

Table legend: (Time is in decaauts)
 A = Elapsed time spent in this place.
 B = Non-inter-level travel time spent in this place.
 C = Inter-level travel time spent in this place.
 D = Time resting spent in this place.
 E = Time spent auto-exploring this place.
 F = Levels seen in this place.
 G = Mean time per level.
                   A        B        C        D        E       F      G
               +--------+--------+--------+--------+--------+-----+--------+
         Total |  22709 |  21568 |   1141 |   2834 |  15725 |  18 | 1261.6 |
       Dungeon |  14370 |  13561 |    809 |   1335 |  10353 |  11 | 1306.4 |
          Lair |   6360 |   6126 |    234 |    652 |   4790 |   5 | 1272.0 |
  Orcish Mines |   1977 |   1880 |     97 |    846 |    582 |   2 |  988.5 |
               +--------+--------+--------+--------+--------+-----+--------+

Top non-repeatable levels by time:
  Lair:4: 2378 daAuts
  Lair:1: 1836 daAuts
     D:4: 1744 daAuts
     D:3: 1631 daAuts
     D:5: 1581 daAuts
    D:10: 1553 daAuts
   Orc:1: 1517 daAuts
     D:9: 1475 daAuts
     D:8: 1406 daAuts
     D:6: 1357 daAuts
     D:7: 1217 daAuts
     D:1: 1177 daAuts
  Lair:2: 1025 daAuts
     D:2: 955 daAuts
  Lair:3: 933 daAuts
